 Dungeon Crawl Stone Soup version 0.27-a0-263-gc8dee61f84 (webtiles) character file.

Game seed: 8732917654467998804

261 jasper the Sneak (level 5, -1/24 HPs)
             Began as a Spriggan Enchanter on Feb 4, 2021.
             Killed by divine providence
             ... invoked by an orc priest
              (14 damage)
             ... on level 4 of the Dungeon.
             The game lasted 00:08:48 (4949 turns).

jasper the Sneak (Spriggan Enchanter)               Turns: 4949, Time: 00:08:49

Health: -1/24      AC:  4    Str:  4    XL:     5   Next: 96%
Magic:  5/10       EV: 18    Int: 17    God:
Gold:   188        SH:  0    Dex: 16    Spells: 1/10 levels left

rFire    . . .     SeeInvis +   a - +1 dagger
rCold    . . .     Faith    .   (shield restricted)
rNeg     . . .     Spirit   .   b - +0 robe
rPois    .         Reflect  .   (helmet restricted)
rElec    .         Harm     .   q - +1 cloak
rCorr    .         Rampage  .   (gloves unavailable)
Will     .....                  (boots unavailable)
Stlth    ++++......             (no amulet)
HPRegen  0.08/turn              (no ring)
MPRegen  0.12/turn              (no ring)

@: very quick
A: very small, unfitting armour, see invisible, speed 3
a: no special abilities


You were on level 4 of the Dungeon.
You visited 1 branch of the dungeon, and saw 4 of its levels.

You collected 188 gold pieces.

Inventory:

Hand Weapons
 a - a +1 dagger (weapon)
Missiles
 e - 14 poisoned darts (quivered)
 j - 5 silver javelins
 u - 2 boomerangs
Armour
 b - a +0 robe (worn)
 q - a +1 cloak (worn)
Jewellery
 t - an uncursed ring of see invisible {unknown}
Scrolls
 f - 5 scrolls of teleportation {unknown}
 g - 2 scrolls of magic mapping {unknown}
 i - 3 scrolls of remove curse {unknown}
 k - 2 scrolls of fear {unknown}
 l - 3 scrolls of enchant armour {unknown}
 m - 5 scrolls of identify {unknown}
 o - a scroll of enchant weapon {unknown}
 r - 2 scrolls of blinking {unknown}
Potions
 c - a potion of brilliance {unknown}
 d - 4 potions of curing {unknown}
 h - 2 potions of berserk rage {unknown}
 n - a potion of heal wounds {unknown}
 p - a potion of flight {unknown}
 s - a potion of degeneration {unknown}
 v - a potion of haste {unknown}


   Skills:
 - Level 1.1 Short Blades
 - Level 2.6 Dodging
 + Level 7.0 Stealth
 - Level 3.0 Spellcasting
 + Level 5.6 Hexes
 + Level 2.3 Ice Magic


You had one spell level left.
You knew the following spells:

 Your Spells              Type           Power        Failure   Level
a - Corona                Hex            23%          1%          1
b - Ensorcelled Hibernat  Hex/Ice        32%          5%          2
c - Tukima's Dance        Hex            21%          5%          3
d - Confusing Touch       Hex            21%          5%          3

Your spell library contained the following spells:

 Spells                   Type           Power        Failure   Level
 Dazzling Flash           Conj/Hex       24%          17%         3


Dungeon Overview and Level Annotations

Branches:
Dungeon (4/15)
 Temple: D:4-7

Altars:


Innate Abilities, Weirdness & Mutations

You are very small and have problems with some larger weapons.
You are too small for most types of armour.
You have supernaturally acute eyesight. (SInv)
You cover ground extremely quickly.


Message History

You take 1 damage, and have 13/24 hp.
Casting: Ensorcelled Hibernation (safe; 5% risk of failure)
Confirm with . or Enter, or press ? or * to list all spells.
Aiming: Ensorcelled Hibernation (safe; 5% risk of failure)
Press: ? - help, Shift-Dir - straight line, f - orc priest, p - orc
Aim: an orc priest, wielding a +0 dagger (chance to affect: 47%)
The orc priest resists with some effort.
The orc priest barely misses you.
Your magical contamination has completely faded away.
You now have 7/10 mp.
Casting: Ensorcelled Hibernation (safe; 5% risk of failure)
Confirm with . or Enter, or press ? or * to list all spells.
Aiming: Ensorcelled Hibernation (safe; 5% risk of failure)
Press: ? - help, Shift-Dir - straight line, f/p - orc priest
Aim: an orc priest, wielding a +0 dagger (chance to affect: 47%)
The orc priest looks drowsy...
The orc priest invokes the aid of Beogh against you.
Beogh smites you!
Ouch! That really hurt!
You die...

#.###.#.#...#..... #.# #.# .#
#.....##.###.#####.# .#
+.....+(........##.# ##
#.....##.#.#.##.##.# .+
+.....o#.#.#.##..#.## .#
#...o..#.#.#......... .#
....oo#.#.#.#..##.#.## .#######
#####o#.#.#.#..#.....# ....#..#
#@#.#.#.#..#.....# #.###..#
#.#+#.#.#..#.#.... #......#
#..........#.#..## #####.##
#.....#....#...... #.#
#.#.....#....#.##.## #.# .#
#.#.....'....# #.## #.# .#.
#.#.....#.#..####.## #####.#
.#.#+#.#.....#.#........+
......##.#.....#.....#.##.####..#


You could see 2 orc priests, an orc wizard (invisible) and an orc.

Vanquished Creatures
  A hound (D:4)
  Crazy Yiuf (D:2)
  A bullfrog skeleton (D:4)
  A worker ant (D:4)
  4 adders
  2 gnolls (D:2)
  A shadow imp (D:3)
  An ooze (D:4)
  3 worms (D:2)
  2 leopard geckos
  2 orcs (D:3)
  3 giant cockroaches
  9 goblins
  9 hobgoblins
  6 jackals
  4 quokkas
  3 ball pythons
  5 bats
  7 frilled lizards
  4 kobolds
  5 rats
74 creatures vanquished.

Vanquished Creatures (others)
  A bat (D:1)
1 creature vanquished.

Grand Total: 75 creatures vanquished

Notes
Turn   | Place    | Note
-------+----------+-------------------------------------------
     0 | D:1      | jasper the Spriggan Enchanter began the quest for the Orb.
     0 | D:1      | Reached XP level 1. HP: 9/9 MP: 5/5
   669 | D:1      | Reached XP level 2. HP: 12/13 MP: 7/7
   672 | D:1      | Learned a level 2 spell: Ensorcelled Hibernation
  1515 | D:1      | Reached skill level 5 in Stealth
  1892 | D:2      | Reached XP level 3. HP: 13/16 MP: 8/8
  2108 | D:2      | Reached skill level 1 in Ice Magic
  2351 | D:2      | Reached XP level 4. HP: 18/21 MP: 2/9
  2356 | D:2      | Learned a level 3 spell: Tukima's Dance
  2360 | D:2      | Learned a level 3 spell: Confusing Touch
  2922 | D:2      | Found a runed translucent door.
  2923 | D:2      | Noticed Crazy Yiuf
  2930 | D:2      | Killed Crazy Yiuf
  2931 | D:2      | Reached skill level 6 in Stealth
  3102 | D:2      | You fall into a shaft and drop 1 floor!
  3281 | D:3      | Reached skill level 5 in Hexes
  3393 | D:3      | Reached XP level 5. HP: 23/24 MP: 1/10
  4716 | D:4      | Reached skill level 7 in Stealth
  4949 | D:4      | Killed from afar by an orc priest

Illustrated notes

Levels and vault maps discovered:
D:1:      dpeg_arrival_morbid_curiosity, layout_rooms, lemuel_flame_loot_1
D:2:      layout_rooms, uniq_crazy_yiuf_cottage
D:3:      layout_loops_ring, kennysheep_generic_room_14
D:4:      layout_basic, kennysheep_little_box

Skill      XL: |  1  2  3  4  5 |
---------------+----------------+-----
Spellcasting   | 3 |  3.0
Hexes          | 4 5 |  5.6
Stealth        | 5 6 7 |  7.0
Ice Magic      | 1 2 |  2.3
Short Blades   | |  1.1
Dodging        | |  2.6

Action                   |  1- 3 |  4- 6 || total
-------------------------+-------+-------++-------
Melee: Dagger            |    97 |    93 ||   190
Throw: Dart              |    16 |    13 ||    29
 Cast: Ensorcelled Hiber |    35 |    37 ||    72
 Stab: Sleeping          |    12 |    32 ||    44
Armor: Robe              |    16 |    12 ||    28
Dodge: Dodged            |   165 |    78 ||   243

Table legend: (Time is in decaauts)
 A = Elapsed time spent in this place.
 B = Non-inter-level travel time spent in this place.
 C = Inter-level travel time spent in this place.
 D = Time resting spent in this place.
 E = Time spent auto-exploring this place.
 F = Levels seen in this place.
 G = Mean time per level.
                   A        B        C        D        E       F      G
               +--------+--------+--------+--------+--------+-----+--------+
         Total |   4144 |   4107 |     37 |   1643 |   1870 |   4 | 1036.0 |
       Dungeon |   4144 |   4107 |     37 |   1643 |   1870 |   4 | 1036.0 |
               +--------+--------+--------+--------+--------+-----+--------+

Top non-repeatable levels by time:
     D:1: 1549 daAuts
     D:2: 1194 daAuts
     D:3: 899 daAuts
     D:4: 502 daAuts
